 Dungeon Crawl Stone Soup version 0.32-a0-401-g0bcb2a7693 (webtiles) character file.

Game seed: 9665554830384327436

4 Asfel the Poker (level 1, 0/16 HPs)
             Began as a Demonspawn Gladiator on Feb 20, 2024.
             Slain by a frilled lizard (2 damage)
             ... on level 1 of the Dungeon.
             The game lasted 00:00:19 (86 turns).

Asfel the Poker (Demonspawn Gladiator)                Turns: 86, Time: 00:00:20

Health: 0/16       AC:  4    Str: 14    XL:     1   Next: 50%
Magic:  1/1        EV: 12    Int:  8    God:
Gold:   0          SH:  0    Dex: 14    Spells: 0/0 levels left

rFire   . . .        a - +0 trident
rCold   . . .        (no shield)
rNeg    . . .        b - +0 leather armour
rPois   .            c - +0 helmet
rElec   .            (no cloak)
rCorr   .            (no gloves)
SInv    .            (no boots)
Will    .....        (no amulet)
Stlth   +            (no ring)
HPRegen 0.22/turn    (no ring)
MPRegen 0.07/turn

%: no passive effects
@: no status effects
A: no striking features
a: no special abilities


You were on level 1 of the Dungeon.
You visited 1 branch of the dungeon, and saw 1 of its levels.

Inventory:

Hand Weapons
 a - a +0 trident (weapon)
Missiles
 d - 3 throwing nets (quivered)
 e - a javelin
Armour
 b - a +0 leather armour (worn)
 c - a +0 helmet (worn)


   Skills:
 + Level 2.2 Fighting
 + Level 2.7 Polearms
 + Level 1.7 Throwing
 + Level 2.7 Dodging


You couldn't memorise any spells.
You didn't know any spells.
Your spell library was empty.

Dungeon Overview and Level Annotations

Branches:
Dungeon (1/15)

Altars:


Message History

The jackal closely misses you.
You barely miss the jackal. The jackal closely misses you.
The jackal bites you.
The jackal bites you but does no damage.
The jackal bites you.
The jackal bites you but does no damage. x2
You hit the jackal.
The jackal is severely wounded.
The jackal bites you. The jackal completely misses you.
The jackal barely misses you. x2
You hit the jackal but do no damage.
The jackal is severely wounded.
The jackal barely misses you. The jackal bites you. x2
* * * LOW HITPOINT WARNING * * *
The frilled lizard bites you but does no damage.
The jackal closely misses you.
The jackal bites you but does no damage.
As you read the scroll labelled FERIHUTSYIKO, it crumbles to dust.
You hear a loud clanging noise!
It was a scroll of noise.
You hear a shout!
You hear an angry hiss.
You hear a shout!
You hear an angry hiss.
You hear a loud squeak.
The jackal bites you.
* * * LOW HITPOINT WARNING * * *
The jackal misses you. x2; The frilled lizard barely misses you.
The jackal bites you but does no damage.
The jackal barely misses you. The jackal attacks as it pursues you!
The jackal bites you.
* * * LOW HITPOINT WARNING * * *
The frilled lizard bites you but does no damage.
The jackal bites you but does no damage.
The jackal barely misses you. The jackal attacks as it pursues you!
The jackal barely misses you. The frilled lizard closely misses you.
The jackal attacks as it pursues you!
The jackal bites you but does no damage.
The jackal closely misses you.
The frilled lizard attacks as it pursues you!
The frilled lizard bites you.
You die...

#.#.#.#+.................
.#.#.#.#......^..........
#.#.#+#'##### #........
..#......# #........
.........# ######........
.........###....#.....###
................#hh......
................#l.l.....
................@h.......
......................###
......................#
...#######............#
.. #............#
#...............
#........###...##
#.######## ...# ..


You could see 3 jackals and 2 frilled lizards.

Vanquished Creatures
  A giant cockroach (D:1)
  A quokka (D:1)
2 creatures vanquished.

Notes
Turn   | Place    | Note
-------+----------+-------------------------------------------
     0 | D:1      | Asfel the Demonspawn Gladiator began the quest for the Orb.
     0 | D:1      | Reached XP level 1. HP: 16/16 MP: 1/1
    86 | D:1      | Slain by a frilled lizard

Illustrated notes

Levels and vault maps discovered:
D:1:      lightli_arrival_chessboard, layout_basic

Action                     || total
---------------------------++-------
  Melee: Trident           ||    15
    Use: Scroll            ||     1
 Armour: Leather armour    ||    26
  Dodge: Dodged            ||    26

Table legend: (Time is in decaauts)
 A = Elapsed time spent in this place.
 B = Non-inter-level travel time spent in this place.
 C = Inter-level travel time spent in this place.
 D = Time resting spent in this place.
 E = Time spent auto-exploring this place.
 F = Levels seen in this place.
 G = Mean time per level.
                   A        B        C        D        E       F      G
               +--------+--------+--------+--------+--------+-----+--------+
         Total |     88 |     88 |      0 |      0 |     45 |   1 |   88.0 |
       Dungeon |     88 |     88 |      0 |      0 |     45 |   1 |   88.0 |
               +--------+--------+--------+--------+--------+-----+--------+

Top non-repeatable levels by time:
     D:1: 88 daAuts
